 Dungeon Crawl Stone Soup version 0.25.1-2-g60ff931df9 (webtiles) character file.

Game seed: 13706843276849904461

11369 gruber the Thaumaturge (level 11, -3/54 HPs)
             Began as a Deep Elf Ice Elementalist on Nov 15, 2020.
             Was an Elder of Vehumet.
             Killed by refrigeration
             ... invoked by Fannar
              (26 damage)
             ... on level 11 of the Dungeon.
             The game lasted 00:22:27 (12740 turns).

gruber the Thaumaturge (Deep Elf Ice Elementalist) Turns: 12740, Time: 00:22:27

Health: -3/54      AC:  8    Str:  5    XL:     11   Next: 48%
Magic:  10/38      EV: 19    Int: 30    God:    Vehumet [****..]
Gold:   599        SH: 11    Dex: 15    Spells: 8/34 levels left

rFire    . . .     SeeInvis .   R - +5 double sword
rCold    . . .     Gourm    .   z - +0 buckler
rNeg     . . .     Faith    .   K - +0 steam dragon scales
rPois    .         Spirit   .   p - +0 helmet
rElec    .         Reflect  +   C - +0 cloak
rCorr    .         Harm     .   (no gloves)
MR       +....                  l - +0 pair of boots
Stlth    ++........             Q - amulet of reflection
HPRegen  0.18/turn              g - ring of magical power
MPRegen  0.26/turn              a - +6 ring of intelligence

@: stab
A: no striking features
a: Renounce Religion


You were on level 11 of the Dungeon.
You worshipped Vehumet.
Vehumet was greatly pleased with you.
You were not hungry.

You visited 2 branches of the dungeon, and saw 12 of its levels.

You collected 599 gold pieces.

Inventory:

Hand Weapons
 B - a +2 dagger of venom
 R - a +5 double sword (weapon)
Missiles
 n - 12 javelins (quivered)
Armour
 l - a +0 pair of boots (worn)
 p - a +0 helmet (worn)
 z - a +0 buckler (worn)
 C - a +0 cloak (worn)
 K - +0 steam dragon scales (worn)
Magical Staves
 P - an uncursed staff of earth
Jewellery
 a - a +6 ring of intelligence (right hand)
 b - an uncursed amulet of magic regeneration
 g - a ring of magical power (left hand)
 t - an uncursed ring of resist corrosion
 Q - an amulet of reflection (around neck)
Wands
 u - a wand of flame (38)
 y - a wand of polymorph (16)
 A - a wand of acid (5)
 E - a wand of paralysis (7)
 M - a wand of random effects (23)
Scrolls
 d - 3 scrolls of fear {unknown}
 e - 8 scrolls of remove curse
 h - 4 scrolls of teleportation {unknown}
 i - 6 scrolls of identify
 o - 5 scrolls of blinking {unknown}
 q - 2 scrolls of enchant armour {unknown}
 r - 2 scrolls of enchant weapon {unknown}
 x - a scroll of amnesia {unknown}
 F - a scroll of fog {unknown}
 G - a scroll of noise {unknown}
 H - 2 scrolls of magic mapping {unknown}
 I - a scroll of torment {unknown}
 J - 2 scrolls of acquirement {unknown}
Potions
 f - a potion of heal wounds {unknown}
 j - a potion of lignification {unknown}
 k - 5 potions of degeneration
 m - 2 potions of berserk rage
 s - 3 potions of curing
 v - a potion of might {unknown}
 D - a potion of brilliance {unknown}
 L - a potion of flight {unknown}
 N - a potion of stabbing
 O - a potion of magic {unknown}
 S - a potion of haste {unknown}
Comestibles
 c - 28 rations


   Skills:
 - Level 10.2 Dodging
 - Level 2.4 Stealth
 - Level 6.1 Shields
 - Level 12.3 Spellcasting
 - Level 9.0 Conjurations
 - Level 5.1 Summonings
 - Level 7.7 Ice Magic


You had 8 spell levels left.
You knew the following spells:

 Your Spells              Type           Power        Failure   Level  Hunger
a - Freeze                Ice            ####         1%          1    None
b - Frozen Ramparts       Ice            ######       1%          3    None
c - Hailstorm             Conj/Ice       ######..     1%          4    None
d - Summon Ice Beast      Ice/Summ       ######..     1%          4    None
e - Sticky Flame          Conj/Fire      #####...     1%          4    None
f - Fireball              Conj/Fire      #####.....   3%          5    ##.....
g - Blink                 Tloc           N/A          4%          2    None
h - Mephitic Cloud        Conj/Pois/Air  #####...     1%          3    None

Your spell library contained the following spells:

 Spells                   Type           Power        Failure   Level  Hunger
 Iskenderun's Mystic Bla  Conj/Tloc      #####...     1%          4    None
 Foxfire                  Conj/Fire      ####         1%          1    None
 Magic Dart               Conj           ####         1%          1    None
 Call Imp                 Summ           #####...     1%          2    None
 Conjure Flame            Conj/Fire      #####...     1%          3    None
 Ozocubu's Armour         Chrm/Ice       #####...     1%          3    None
 Animate Skeleton         Necr           N/A          2%          1    None
 Pain                     Necr           ###.         2%          1    None
 Inner Flame              Hex/Fire       ###.....     2%          3    None
 Slow                     Hex            ###.....     4%          2    None
 Vampiric Draining        Necr           ###.......   9%          3    None
 Animate Dead             Necr           N/A          26%         4    None
 Agony                    Necr           ###.....     58%         5    ##.....


Dungeon Overview and Level Annotations

Branches:
Dungeon (11/15)            Temple (1/1) D:6            Lair (0/6) D:9
    Orc: D:9-12

Altars:
Ashenzari
Cheibriados
Dithmenos
Elyvilon
Fedhas
Gozag
Hepliaklqana
Kikubaaqudgha
Nemelex Xobeh
Okawaru
Qazlal
Ru
Sif Muna
Trog
Uskayaw
Vehumet
Wu Jian
Xom
Yredelemnul
Zin
The Shining One

Shops:
D:10 (

Annotations:
D:3 1 runed translucent door, lepoulpe303's ghost, amateur DEFE
D:11 Fannar


Message History

Unknown command.
Unknown command.
Casting: Hailstorm (safe; 1% risk of failure)
Confirm with . or Enter, or press ? or * to list all spells.
A cannonade of hail descends around you!
The hail pelts Fannar.
Fannar partially resists.
Fannar is heavily wounded.
Your ice beast is unaffected.
The frozen ramparts melt away.
Your ice beast misses Fannar. x2; Your ice beast closely misses Fannar.
Unknown command.
Casting: Hailstorm (safe; 1% risk of failure)
Confirm with . or Enter, or press ? or * to list all spells.
A cannonade of hail descends around you!
The hail pelts Fannar!
Fannar partially resists.
Fannar is heavily wounded.
Your ice beast is unaffected.
Fannar gestures wildly while chanting.
Fannar drains the heat from the surrounding environment!
You feel very cold.
You die...

#....# ..... #.... .#
#... #.# ... ####'####
#.# #.......#
#.#######.......##
#@......#......... '#
#YY.....#.......##
....#e......#.........
..e....Y.......##.....(
......##....##.##.###.#
...... #....##.........
#'##.# #....##..#.###.#
# #. #######.........
#. ####..#.##..#


You could see Fannar (icy armour) and 3 friendly ice beasts.

Vanquished Creatures
  Harold (D:11)
  An ugly thing (D:9)
  Maggie (D:8)
  A troll (D:11)
  A queen bee (D:10)
  A shadow (D:11)
  A wraith (D:10)
  2 humans (D:9)
  An acid dragon (D:11)
  A water moccasin (D:6)
  A soldier ant (D:11)
  3 black bears
  2 orc warriors
  2 sky beasts
  A phantom (D:5)
  3 ogres
  3 centaurs
  A big kobold (D:8)
  Blork the orc (D:5)
  4 bullfrogs
  A water moccasin zombie (D:7)
  5 scorpions
  30 killer bees
  3 wights (D:9)
  14 howler monkeys
  3 crimson imps
  Crazy Yiuf (D:5)
  A bullfrog zombie (D:11)
  A centaur skeleton (D:5)
  3 hounds
  9 orc wizards
  A bullfrog skeleton (D:10)
  A centaur zombie (D:7)
  13 orc priests
  Ijyb (D:5)
  3 jellies
  6 iguanas
  10 worker ants
  2 hound zombies
  3 worker ant zombies
  Robin (D:3)
  5 gnolls
  11 adders
  2 shadow imps
  An ooze (D:4)
  3 adder skeletons
  An adder zombie (D:4)
  2 worms
  2 dart slugs
  5 leopard geckos
  37 orcs
  5 giant cockroaches
  13 goblins
  10 hobgoblins
  11 jackals
  4 quokkas
  6 ball pythons
  4 bats
  6 frilled lizards
  11 kobolds
  A leopard gecko skeleton (D:4)
  A leopard gecko zombie (D:4)
  2 quokka skeletons (D:4)
  2 quokka zombies (D:4)
  4 rats
293 creatures vanquished.

Vanquished Creatures (collateral kills)
  Urug (D:11)
  An ugly thing (D:11)
  2 cyclopes (D:11)
  A centaur zombie (D:11)
  Joseph (D:8)
  Psyche (D:8)
  A queen bee (D:9)
  A hippogriff (D:9)
  2 hungry ghosts
  Menkaure (D:7)
  5 ice beasts
  2 necrophages
  A bullfrog (D:6)
  7 killer bees
  A wight (D:9)
  2 howler monkeys
  A crimson imp (D:6)
  An orc wizard (D:6)
  4 centaur skeletons
  2 worker ants (D:9)
  A hound zombie (D:5)
  An ooze (D:6)
  An adder skeleton (D:10)
  An orc (D:6)
  A jackal (D:6)
  A quokka (D:9)
  A leopard gecko skeleton (D:6)
  A quokka skeleton (D:9)
46 creatures vanquished.

Vanquished Creatures (others)
  An orc (D:6)
1 creature vanquished.

Grand Total: 340 creatures vanquished

Notes
Turn   | Place    | Note
-------+----------+-------------------------------------------
     0 | D:1      | gruber the Deep Elf Ice Elementalist began the quest for
                  | the Orb.
     0 | D:1      | Reached XP level 1. HP: 10/10 MP: 6/6
    37 | D:1      | Reached XP level 2. HP: 13/15 MP: 5/8
   117 | D:1      | Reached skill level 5 in Ice Magic
   752 | D:2      | Reached XP level 3. HP: 6/19 MP: 9/9
   757 | D:2      | Learned a level 3 spell: Frozen Ramparts
  1017 | D:2      | Reached XP level 4. HP: 19/24 MP: 11/11
  1173 | D:2      | Reached skill level 4 in Spellcasting
  1589 | D:3      | Found a snail-covered altar of Cheibriados.
  1845 | D:3      | Found a faded altar of an unknown god.
  1874 | D:3      | Reached skill level 5 in Spellcasting
  1880 | D:3      | Reached XP level 5. HP: 28/28 MP: 14/14
  1964 | D:3      | Reached skill level 6 in Spellcasting
  2032 | D:3      | Noticed Robin
  2042 | D:3      | Killed Robin
  2202 | D:3      | Reached skill level 7 in Spellcasting
  2202 | D:3      | Reached XP level 6. HP: 30/32 MP: 18/18
  2494 | D:3      | Reached skill level 8 in Spellcasting
  2700 | D:3      | Found a runed translucent door.
  2700 | D:3      | Noticed lepoulpe303's ghost (amateur DEFE)
  3162 | D:4      | Found a shimmering blue altar of Sif Muna.
  3291 | D:4      | Reached XP level 7. HP: 36/36 MP: 21/21
  3306 | D:4      | Reached skill level 9 in Spellcasting
  3873 | D:4      | Learned a level 4 spell: Hailstorm
  3878 | D:4      | Learned a level 4 spell: Summon Ice Beast
  4043 | D:5      | Entered Level 5 of the Dungeon
  4048 | D:5      | Noticed Ijyb
  4060 | D:5      | Killed Ijyb
  4167 | D:5      | Found a bloodstained altar of Trog.
  4479 | D:5      | Found a runed translucent door.
  4480 | D:5      | Noticed Crazy Yiuf
  4510 | D:5      | Found an ornate altar of the Wu Jian Council.
  4775 | D:5      | Reached skill level 1 in Shields
  4782 | D:5      | Reached XP level 8. HP: 32/41 MP: 23/23
  5142 | D:5      | Noticed Blork the orc
  5148 | D:5      | Killed Blork the orc
  5829 | D:5      | Killed Crazy Yiuf
  5964 | D:6      | Reached skill level 5 in Shields
  6063 | D:6      | Reached XP level 9. HP: 41/45 MP: 24/24
  6236 | D:6      | Reached skill level 10 in Spellcasting
  6244 | D:6      | Reached skill level 1 in Summonings
  6257 | D:6      | Reached skill level 1 in Conjurations
  6447 | D:6      | Found a staircase to the Ecumenical Temple.
  6710 | Temple   | Entered the Ecumenical Temple
  6774 | Temple   | Became a worshipper of Vehumet
  7291 | D:7      | Noticed Menkaure
  7299 | D:7      | Killed Menkaure
  7863 | D:7      | Found a stormy altar of Qazlal.
  7871 | D:7      | Reached skill level 5 in Summonings
  7984 | D:8      | Reached * piety under Vehumet
  7984 | D:8      | Offered knowledge of Foxfire by Vehumet.
  8010 | D:8      | Noticed Maggie
  8018 | D:8      | Killed Maggie
  8018 | D:8      | Reached skill level 5 in Conjurations
  8026 | D:8      | Noticed Psyche
  8027 | D:8      | Killed Psyche
  8149 | D:8      | Reached XP level 10. HP: 50/50 MP: 26/26
  8281 | D:8      | Found a hide-covered altar of Uskayaw.
  8373 | D:8      | Found a hide-covered altar of Uskayaw.
  8384 | D:8      | Noticed Joseph
  8408 | D:8      | Killed Joseph
  8510 | D:8      | Found a glowing silver altar of Zin.
  8510 | D:8      | Found a glowing golden altar of the Shining One.
  8510 | D:8      | Found a white marble altar of Elyvilon.
  8769 | D:9      | Found an iron altar of Okawaru.
  8832 | D:9      | Identified the +0 halberd "Uhishry" {antimagic, rPois rF+
                  | Str-2 Dex+3}
  9121 | D:9      | Found a staircase to the Lair.
  9213 | D:9      | Noticed a purple ugly thing
  9225 | D:9      | Killed a purple ugly thing
  9225 | D:9      | Offered knowledge of Sandblast by Vehumet.
  9412 | D:9      | Reached ** piety under Vehumet
  9478 | D:9      | Reached skill level 5 in Dodging
 10315 | D:10     | Entered Level 10 of the Dungeon
 10325 | D:10     | Offered knowledge of Stone Arrow by Vehumet.
 10333 | D:10     | Reached *** piety under Vehumet
 10497 | D:10     | Reached XP level 11. HP: 54/54 MP: 23/27
 10587 | D:10     | Found Faog's Weapon Shoppe.
 10596 | D:10     | Offered knowledge of Iskenderun's Mystic Blast by Vehumet.
 11548 | D:11     | Noticed a white ugly thing
 11555 | D:11     | Killed a white ugly thing
 11555 | D:11     | Reached skill level 10 in Dodging
 11860 | D:11     | Reached skill level 11 in Spellcasting
 12083 | D:11     | Noticed Harold
 12091 | D:11     | Killed Harold
 12113 | D:11     | Noticed Fannar
 12117 | D:11     | Reached **** piety under Vehumet
 12392 | D:10     | Learned a level 4 spell: Sticky Flame
 12398 | D:10     | Learned a level 5 spell: Fireball
 12401 | D:10     | Learned a level 2 spell: Blink
 12405 | D:10     | Learned a level 3 spell: Mephitic Cloud
 12496 | D:11     | Reached skill level 12 in Spellcasting
 12532 | D:11     | Noticed Urug
 12559 | D:11     | Killed Urug
 12740 | D:11     | Killed from afar by Fannar

Illustrated notes

Levels and vault maps discovered:
D:1:      saegor_arrival_simple_a, layout_loops_cross, minmay_splitting_lines
D:2:      layout_loops_ring
D:3:      cheibrodos_pilgrimage, layout_basic, cheibriados_altar_1,
          chequers_ecumenical_altar_twisty, ebering_ghost_sewer_d, st_stairs_5,
          uniq_robin
D:4:      minmay_spotlight, layout_basic, overflow_temple_1_default,
          serial_undead, serial_undead_e, serial_undead_c, serial_undead_b,
          serial_undead_f, first_ration
D:5:      layout_basic, overflow_temple_1_default, old_standard_altar,
          minmay_tree_intersection, kennysheep_generic_room_13,
          uniq_crazy_yiuf_cottage, uniq_blork_the_orc, uniq_ijyb
D:6:      layout_rooms, lemuel_temple_firewalk_b
D:7:      layout_basic, marbit_many_paths, st_stairs_11,
          chequers_serial_rivers_micro_c, uniq_menkaure
D:8:      layout_loops_ring, good_gods_mini_temple,
          eat_drink_and_be_merry_uskayaw, basic_altar, uniq_maggie, uniq_psyche,
          uniq_joseph
D:9:      layout_loops_cross, dpeg_oklobed_lair, serial_rivers,
          chequers_serial_rivers_micro_b, chequers_serial_rivers_small_3,
          chequers_serial_rivers_micro_c, chequers_serial_rivers_large_a,
          minmay_crystal_room, david_nohive_1, okawaru_humans
D:10:     layout_loops_ring, serial_shops, nicolae_shop_waterfront, special_room
          [special_room_bee]
D:11:     layout_basic, enter_trove_0, serial_shops, nicolae_shop_behind_doors,
          shop_statue, item_on_display_a, uniq_nergalle, uniq_fannar,
          uniq_harold, uniq_urug
Temple:   dshaligram_water_room_temple

Skill      XL: |  1  2  3  4  5  6  7  8  9 10 11 |
---------------+----------------------------------+-----
Ice Magic      | 5 6 7 |  7.7
Spellcasting   | 5 7 8 9 10 12 | 12.3
Shields        | 2 6 |  6.1
Summonings     | 5 |  5.1
Conjurations   | 6 9 |  9.0
Dodging        | 8 10 | 10.2
Stealth        | |  2.4

Action                   |  1- 3 |  4- 6 |  7- 9 | 10-12 || total
-------------------------+-------+-------+-------+-------++-------
Melee: Unarmed           |     4 |     5 |       |    12 ||    21
       Dagger            |       |    63 |   190 |   113 ||   366
       Mace              |       |    11 |       |       ||    11
Throw: Javelin           |       |       |       |     1 ||     1
 Cast: Freeze            |    19 |    13 |    29 |    18 ||    79
       Frozen Ramparts   |     1 |    37 |    61 |    40 ||   139
       Summon Ice Beast  |       |       |    25 |    66 ||    91
       Hailstorm         |       |       |    10 |    43 ||    53
  Use: Potion            |       |       |     2 |     3 ||     5
       Scroll            |       |       |       |     3 ||     3
 Stab: Sleeping          |       |     1 |     4 |     1 ||     6
       Distracted        |       |       |     1 |     2 ||     3
  Eat: Chunk             |       |     6 |    15 |    12 ||    33
       Ration            |       |     1 |       |     1 ||     2
Armor: Robe              |     1 |    18 |    28 |       ||    47
       Steam dragon scal |       |       |     7 |    36 ||    43
Dodge: Dodged            |     7 |    68 |   113 |    90 ||   278
Block: Buckler           |       |       |    33 |    63 ||    96
       Reflection        |       |       |       |     2 ||     2
